 Dungeon Crawl Stone Soup version 0.26-b1-32-g5d43845318 (webtiles) character file.

Game seed: 5467314330689142978

250 Aviak the Covered (level 5, -6/50 HPs)
             Began as a Deep Dwarf Fighter on Jan 12, 2021.
             Blown up by Ijyb (29 damage)
             ... with a disintegration bolt
             ... on level 4 of the Dungeon.
             The game lasted 00:01:08 (2684 turns).

Aviak the Covered (Deep Dwarf Fighter)              Turns: 2684, Time: 00:01:08

Health: -6/50      AC: 12    Str: 20    XL:     5   Next: 88%
Magic:  5/5        EV:  4    Int:  9    God:
Gold:   173        SH: 10    Dex: 12    Spells: 4/4 levels left

rFire    . . .     SeeInvis .   a - +0 war axe
rCold    . . .     Faith    .   c - +0 kite shield
rNeg     . . .     Spirit   .   t - +0 plate armour
rPois    .         Reflect  .   (no helmet)
rElec    .         Harm     .   (no cloak)
rCorr    .         Rampage  .   (no gloves)
Will     .....                  (no boots)
Stlth    ..........             (no amulet)
HPRegen  0.00/turn              (no ring)
MPRegen  0.09/turn              (no ring)

@: lethally poisoned (-6 -> -6), non-regenerating
A: damage resistance, heal wounds, sense surroundings 1, no regeneration
a: Heal Wounds


You were on level 4 of the Dungeon.
You visited 1 branch of the dungeon, and saw 4 of its levels.

You collected 173 gold pieces.

Inventory:

Hand Weapons
 a - a +0 war axe (weapon)
Armour
 b - a +0 scale mail
 c - a +0 kite shield (worn)
 t - a +0 plate armour (worn)
Jewellery
 u - an uncursed ring of fire {unknown}
Scrolls
 i - 2 scrolls of teleportation {unknown}
 j - a scroll of enchant weapon {unknown}
 n - 3 scrolls of immolation {unknown}
 o - a scroll of magic mapping {unknown}
 p - 3 scrolls of identify {unknown}
 q - a scroll of noise {unknown}
 r - a scroll of enchant armour {unknown}
 w - a scroll of remove curse {unknown}
Potions
 d - 2 potions of might
 e - 3 potions of flight {unknown}
 f - a potion of ambrosia {unknown}
 g - 2 potions of attraction {unknown}
 h - 6 potions of curing {unknown}
 k - a potion of degeneration {unknown}
 l - 2 potions of brilliance {unknown}
 m - 3 potions of haste {unknown}
 s - a potion of magic {unknown}
 v - 2 potions of cancellation {unknown}
 x - a potion of mutation {unknown}
 z - a potion of berserk rage {unknown}


   Skills:
 + Level 3.7 Fighting
 + Level 3.8 Axes
 + Level 4.6 Armour
 + Level 0.3 Dodging
 + Level 4.6 Shields


You had 4 spell levels left.
You didn't know any spells.
Your spell library contained the following spells:

 Spells                   Type           Power        Failure   Level
 Confusing Touch          Hex            0%           100%        3
 Gell's Gravitas          Tloc           0%           100%        3
 Petrify                  Tmut/Erth      0%           100%        4
 Metabolic Englaciation   Hex/Ice        0%           100%        5
 Yara's Violent Unravell  Hex/Tmut       0%           100%        5


Dungeon Overview and Level Annotations

Branches:
Dungeon (4/15)
 Temple: D:4-7

Altars:
Ashenzari
Cheibriados
Ru
Uskayaw
Wu Jian

Annotations:
D:4 Ijyb


Innate Abilities, Weirdness & Mutations

You are resistant to damage.
You can heal yourself by infusing magical energy.
You passively map a small area around you.
You do not regenerate.


Message History

Ijyb the Twisted Goblin comes into view.
She is wielding a +0 dagger and carrying a wand of disintegration (16).
Ijyb screams, "Me kill you!"
Unknown command.
You see here 12 gold pieces.
You closely miss Ijyb.
Ijyb drinks a potion.
Ijyb seems to grow stronger.
You closely miss Ijyb. You block Ijyb's attack.
Ijyb hits you but does no damage.
Ijyb is nearby!
You completely miss Ijyb. Ijyb hits you but does no damage.
You closely miss Ijyb. Ijyb hits you but does no damage.
You block Ijyb's attack.
You slash Ijyb!
Ijyb is heavily wounded.
Ijyb screams, "Get away!"
Ijyb zaps a wand.
You are blasted!
You barely miss Ijyb.
Ijyb is heavily wounded.
Ijyb zaps a wand.
You are blasted!
Ouch! That really hurt!
You die...

### ##.##
####.#.#####
######...###....#
#..†...##.#.###$#
#.###..#*#.# #@#
###<.# ### #g#
#,#....# #.#
#.#.#.## #.# *
#.#.#.#########..
, *
#.....#.[.....###
###.###.......#
###.###.......#
#.............#


You could see Ijyb (strong).

Vanquished Creatures
  An orc priest (D:3)
  An orc wizard (D:2)
  A worker ant (D:4)
  5 adders
  4 gnolls (D:3)
  An ufetubus (D:2)
  4 worms
  2 leopard geckos (D:3)
  6 orcs (D:3)
  5 bats
  4 giant cockroaches
  7 hobgoblins
  6 frilled lizards
  9 goblins
  8 kobolds
  10 rats
74 creatures vanquished.

Notes
Turn   | Place    | Note
-------+----------+-------------------------------------------
     0 | D:1      | Aviak the Deep Dwarf Fighter began the quest for the Orb.
     0 | D:1      | Reached XP level 1. HP: 20/20 MP: 1/1
   129 | D:1      | Reached XP level 2. HP: 27/27 MP: 2/2
   708 | D:2      | Found a broken altar of Ashenzari.
   729 | D:2      | Reached XP level 3. HP: 21/34 MP: 3/3
  1105 | D:2      | Found a sacrificial altar of Ru.
  1121 | D:2      | Reached XP level 4. HP: 26/42 MP: 4/4
  1178 | D:2      | Found an ornate altar of the Wu Jian Council.
  1245 | D:2      | Found a hide-covered altar of Uskayaw.
  1246 | D:2      | Found a snail-covered altar of Cheibriados.
  2078 | D:3      | Reached XP level 5. HP: 40/49 MP: 5/5
  2676 | D:4      | Noticed Ijyb
  2684 | D:4      | Blown up by Ijyb

Illustrated notes

Levels and vault maps discovered:
D:1:      dpeg_arrival_ratfight, layout_loops_ring
D:2:      layout_basic, minitemple, nicolae_ru_great_annihilating_truth,
          pdpol_wu_jian_five_deadly_venoms, old_standard_altar,
          minmay_door_square, moated_statue, hangedman_decor_push
D:3:      layout_loops_corners, minmay_pentomino_pile
D:4:      layout_loops_cross, nicolae_overflow_hidden_temple, serial_glass,
          glass_columns_a, glass_columns_b, uniq_ijyb, uniq_eustachio

Skill      XL: |  1  2  3 |
---------------+----------+-----
Fighting       | 3 |  3.7
Axes           | 3 |  3.8
Armour         | 4 |  4.6
Shields        | 4 |  4.6
Dodging        | |  0.3

Action                   |  1- 3 |  4- 6 || total
-------------------------+-------+-------++-------
Melee: War axe           |   115 |   135 ||   250
 Abil: Heal Wounds       |     1 |     1 ||     2
 Stab: Paralysed         |       |     1 ||     1
Armor: Scale mail        |    49 |     2 ||    51
       Plate armour      |       |    69 ||    69
Dodge: Dodged            |    39 |    26 ||    65
Block: Kite shield       |    54 |    67 ||   121
